 Dungeon Crawl Stone Soup version 0.30-a0-567-gf7fd966b4a (webtiles) character file.

Game seed: 12662564208703028857

10657 kipponium the Basher (level 11, -1/97 HPs)
             Began as an Armataur Warper on Dec 28, 2022.
             Was a Believer of Ashenzari.
             Slain by a white ugly thing (35 damage)
             ... on level 11 of the Dungeon.
             The game lasted 00:54:42 (12754 turns).

kipponium the Basher (Armataur Warper)             Turns: 12754, Time: 00:54:43

Health: -1/97      AC: 13    Str: 18    XL:     11   Next: 39%
Magic:  10/15      EV:  8    Int: 22    God:    Ashenzari [**....]
Gold:   754        SH:  0    Dex: 10    Spells: 7/15 levels left

rFire   . . .      SeeInvis +    e - +0 demon whip (venom)
rCold   . . .      Faith    .    (no shield)
rNeg    . . .      Spirit   .    p - +3 ring mail "Restrained Gnosis" {Will+, Melee, Range} (curse)
rPois   .          Reflect  .    G - +0 helmet "Elysian Unpleasantness" {Elem, Fort} (curse)
rElec   .          Harm     .    w - +0 cloak of Ashenzari's Discomfort {Alch, Elem} (curse)
rCorr   .          Roll     +    (no gloves)
Will    ++...                    (no barding) Stlth
                                 (no amulet)
HPRegen 0.36/turn                s - +6 ring of intelligence
MPRegen 0.14/turn                B - ring of Ashenzari's Adversity {Will+, Self, Fort} (curse)

@: on blink cooldown, very slightly contaminated
A: large, rugged brown scales 3, deformed body, armoured tail, roll, long
tongue, awkward tongue
a: Renounce Religion, Shatter the Chains


You were on level 11 of the Dungeon.
You worshipped Ashenzari.
Ashenzari was pleased with you.
You visited 2 branches of the dungeon, and saw 12 of its levels.
You also visited: Ossuary.

You collected 754 gold pieces.

Inventory:

Hand Weapons
 e - a +0 demon whip of venom (weapon)
 A - a +0 dire flail of freezing
Missiles
 d - 7 boomerangs of dispersal
 q - 32 poisoned darts (quivered)
 J - a curare-tipped dart
Armour
 k - an orb of guile
 p - the cursed +3 ring mail "Restrained Gnosis" (worn) {Will+, Melee, Range}
   (You took it off Ijyb on level 3 of the Dungeon)

   It has a curse which improves the following skills: Melee Combat: Short
   Blades, Long Blades, Axes, Maces & Flails, Polearms, Staves and Unarmed
   Combat.
   Ranged Combat: Ranged Weapons and Throwing.
 w - the cursed +0 cloak of Ashenzari's Discomfort (worn) {Alch, Elem}
   (You found it on level 5 of the Dungeon)

   It has a curse which improves the following skills: Alchemy: Poison Magic and
   Transmutations.
   Elements:  Fire Magic, Ice Magic, Air Magic and Earth Magic.
 G - the cursed +0 helmet "Elysian Unpleasantness" (worn) {Elem, Fort}
   (You found it on level 6 of the Dungeon)

   It has a curse which improves the following skills: Elements: Fire Magic, Ice
   Magic, Air Magic and Earth Magic.
   Fortitude: Armour and Shields.
Jewellery
 s - a +6 ring of intelligence (left hand)
 B - the cursed ring of Ashenzari's Adversity (right hand) {Will+, Self, Fort}
   (You found it on level 5 of the Dungeon)

   [ring of willpower]

   Will:      It increases your willpower.
   It has a curse which improves the following skills: Introspection: Fighting
   and Spellcasting.
   Fortitude: Armour and Shields.
 E - a ring of ice
Wands
 b - a wand of roots (14)
 o - a wand of polymorph (18)
 K - a wand of charming (8)
Scrolls
 c - 4 scrolls of blinking
 f - a scroll of poison
 i - a scroll of immolation
 j - 6 scrolls of fog
 r - 4 scrolls of teleportation
 t - 2 scrolls of silence
 x - a scroll of brand weapon
 y - a scroll of amnesia
 C - a scroll of fear
 D - 4 scrolls of magic mapping
 I - a scroll of vulnerability
 L - a scroll of enchant armour
Potions
 a - a potion of lignification
 g - a potion of cancellation
 h - 2 potions of flight
 l - 3 potions of brilliance
 m - 2 potions of magic
 n - 6 potions of curing
 u - a potion of ambrosia
 v - a potion of might
 z - a potion of berserk rage
 F - a potion of attraction
 H - a potion of resistance


   Skills:
 + Level 5.6(6.8) Fighting
 - Level 13.6(14.8) Maces & Flails
 - Level 0.8(1.5) Throwing
 + Level 7.0(9.0) Armour
 - Level 1.3 Dodging
 - Level 1.7(2.6) Spellcasting
 * Level 7.0 Translocations


You had 7 spell levels left.
You knew the following spells:

 Your Spells              Type           Power      Damage    Failure   Level
a - Blink                 Tloc           66%        N/A       1%          2
b - Vhi's Electric Charg  Tloc/Air       36%        N/A       14%         3
c - Teleport Other        Tloc           33%        N/A       3%          3

Your spell library contained the following spells:

 Spells                   Type           Power      Damage    Failure   Level
 Lesser Beckoning         Tloc           66%        N/A       3%          3
 Momentum Strike          Conj/Tloc      36%        3d9       8%          2
 Manifold Assault         Tloc           33%        N/A       12%         4
 Beastly Appendage        Tmut           6%         N/A       21%         1
 Foxfire                  Conj/Fire      12%        2x1d4     21%         1
 Magic Dart               Conj           8%         1d3       21%         1
 Call Imp                 Summ           2%         N/A       30%         2
 Static Discharge         Conj/Air       6%         2-3/arc   30%         2
 Wereblood                Tmut           3%         N/A       30%         2
 Frozen Ramparts          Ice            6%         1d1       50%         3
 Mephitic Cloud           Conj/Pois/Air  3%         N/A       52%         3
 Spider Form              Tmut/Pois      3%         N/A       52%         3
 Ice Form                 Ice/Tmut       3%         N/A       88%         4
 Summon Ice Beast         Ice/Summ       3%         N/A       89%         4
 Arcjolt                  Conj/Air       1%         1d11      99%         5
 Fireball                 Conj/Fire      1%         3d3       99%         5
 Lightning Bolt           Conj/Air       1%         1d12      99%         5
 Starburst                Conj/Fire      1%         6d3       100%        6


Dungeon Overview and Level Annotations

Branches:
Dungeon (11/15)            Temple (1/1) D:7            Lair (0/5) D:10
    Orc (0/2) D:10        Ossuary (visited)

Altars:
Ashenzari
Cheibriados
Dithmenos
Elyvilon
Fedhas
Gozag
Hepliaklqana
Kikubaaqudgha
Makhleb
Nemelex Xobeh
Okawaru
Qazlal
Ru
Sif Muna
Trog
Uskayaw
Vehumet
Wu Jian
Xom
Yredelemnul
Zin
The Shining One

Shops:
D:2 !   D:8 (


Innate Abilities, Weirdness & Mutations

You are completely covered in rugged brown scales. (AC +3, +7% HP)
Armour fits poorly on your strangely shaped body.
You have a long armoured tail.
You roll when moving toward enemies. (Rampage)
Your long tongue fully drains potion bottles. (2x potion effects)
Your tongue gives you trouble enunciating. (1.5x scroll delay)


Message History

You throw a poisoned dart.
The poisoned dart closely misses the white ugly thing.
Throw: 35 darts (poison)
Press: ? - help, Q - select action, (/) - cycle Shift-Dir - straight line, f/p - white ugly thing
Aim: a white ugly thing (59% to hit)
You throw a poisoned dart.
The poisoned dart hits the white ugly thing.
The white ugly thing is poisoned.
Throw: 34 darts (poison)
Press: ? - help, Q - select action, (/) - cycle Shift-Dir - straight line, f/p - white ugly thing
Aim: a white ugly thing (poisoned, 59% to hit)
You throw a poisoned dart.
The poisoned dart hits the white ugly thing.
The white ugly thing looks even sicker.
Throw: 33 darts (poison)
Press: ? - help, Q - select action, (/) - cycle Shift-Dir - straight line, f/p - white ugly thing
Aim: a white ugly thing (very poisoned, 59% to hit)
You throw a poisoned dart.
The poisoned dart hits the white ugly thing.
The white ugly thing looks even sicker.
Casting: Blink (safe; 1% risk of failure)
Confirm with . or Enter, or press ? or * to list all spells.
Charge where?
Press: ? - help, Dir - move target, f/p - white ugly thing
Aim: a white ugly thing (lightly wounded, very poisoned, 82% to hit)
You miscast Vhi's Electric Charge.
You are very lightly contaminated with residual magic.
Nothing appears to happen.
You hit the white ugly thing.
The white ugly thing looks as sick as possible!
You tail-slap the white ugly thing, but do no damage.
The white ugly thing is lightly wounded.
The white ugly thing trunk-slaps you! The white ugly thing freezes you!!
The white ugly thing attacks as you move away!
The white ugly thing trunk-slaps you. The white ugly thing freezes you!!
Casting: Vhi's Electric Charge (dangerous; 14% risk of failure)
Confirm with . or Enter, or press ? or * to list all spells.
You blink.
The white ugly thing trunk-slaps you. The white ugly thing freezes you!!
You die...

### ## #.## # *#.*
##.### .# .# ##...####
*** #.#####.#
#.....((### #.....#*
##§u@....(.. , *
#.....## #..........(
#..##..#####....##....#
##..###...##....##...###
* #.....#..............#
.....................# ,
.#####.........####..#
## ##...##..### .#
##........# . *


You could see a white ugly thing (extremely poisoned).

Vanquished Creatures
  Erica (D:9)
  A two-headed ogre (D:8)
  Amaemon (D:8)
  An orange demon (D:8)
  5 gargoyles (D:9)
  The ghost of Yehuk the Chopper, an amateur MiBe of Trog (D:5)
  3 trolls
  A hornet (D:9)
  A shadow (D:10)
  3 yaks (D:10)
  A vampire (D:11)
  A wyvern (D:9)
  A steam dragon (D:6)
  An acid dragon (D:10)
  3 two-headed ogre zombies (D:10)
  A water moccasin (D:7)
  A sky beast (D:7)
  A black bear (D:4)
  2 orc warriors
  An ice beast (D:7)
  2 ogres
  A wolf (D:10)
  4 centaurs
  3 phantoms
  5 kobold brigands
  5 bullfrogs
  3 scorpions
  12 wights
  A troll zombie (D:10)
  10 killer bees
  4 howler monkeys
  An electric eel (D:10)
  2 bullfrog zombies (Ossuary)
  A gnoll bouda (D:5)
  2 jellies (D:5)
  3 centaur zombies (Ossuary)
  8 hounds
  7 orc priests
  3 iguanas
  Ijyb (D:3)
  Natasha (twice) (D:3)
  3 orc wizards
  4 ogre zombies (D:10)
  7 gnolls
  4 adders
  A shadow imp (D:8)
  3 white imps
  A worm (D:4)
  4 dart slugs
  18 orcs
  9 endoplasms
  3 giant cockroaches (D:3)
  6 hobgoblins
  25 kobolds
  8 quokkas
  5 ball pythons
  3 bats
  4 frilled lizards
  4 gnoll zombies (Ossuary)
  5 goblins
  2 goblin skeletons (D:10)
  6 goblin zombies
  6 hobgoblin zombies
  3 orc skeletons (D:10)
  19 orc zombies
  4 rats
268 creatures vanquished.

Vanquished Creatures (others)
  Natasha (D:3)
  A ball python (D:3)
2 creatures vanquished.

Grand Total: 270 creatures vanquished

Notes
Turn   | Place    | Note
-------+----------+-------------------------------------------
     0 | D:1      | kipponium the Armataur Warper began the quest for the Orb.
     0 | D:1      | Reached XP level 1. HP: 18/18 MP: 3/3
    95 | D:1      | Reached skill level 2 in Maces & Flails
   341 | D:1      | Reached XP level 2. HP: 25/25 MP: 4/4
   519 | D:1      | Learned a level 2 spell: Blink
   909 | D:2      | Found Luwamoef's Distillery.
   932 | D:2      | Reached skill level 3 in Maces & Flails
  1089 | D:2      | Found a faded altar of an unknown god.
  1095 | D:2      | Reached XP level 3. HP: 31/31 MP: 5/5
  1387 | D:2      | Learned a level 3 spell: Vhi's Electric Charge
  1895 | D:3      | Noticed Natasha
  1904 | D:3      | Killed Natasha
  1905 | D:3      | Reached skill level 4 in Maces & Flails
  1905 | D:3      | Reached XP level 4. HP: 14/38 MP: 6/6
  2005 | D:3      | Noticed Ijyb
  2092 | D:3      | Noticed Natasha
  2095 | D:3      | Killed Ijyb
  2095 | D:3      | Killed Natasha
  2096 | D:3      | Reached XP level 5. HP: 38/43 MP: 7/7
  2339 | D:3      | Noticed Natasha
  2341 | D:3      | Killed Natasha
  3058 | D:4      | Noticed an ogre
  3114 | D:4      | Killed an ogre
  3115 | D:4      | Reached skill level 5 in Maces & Flails
  3174 | D:4      | Reached XP level 6. HP: 46/51 MP: 8/8
  3358 | D:4      | Learned a level 3 spell: Teleport Other
  3376 | D:4      | Reached skill level 6 in Maces & Flails
  3379 | D:4      | Reached skill level 7 in Maces & Flails
  3379 | D:4      | Reached XP level 7. HP: 50/56 MP: 9/9
  3481 | D:4      | Found a glowing silver altar of Zin.
  3623 | D:5      | Entered Level 5 of the Dungeon
  3707 | D:5      | Found a runed translucent gate.
  3707 | D:5      | Found a runed translucent gate.
  3707 | D:5      | Found a runed translucent gate.
  3710 | D:5      | Noticed Yehuk's ghost (amateur MiBe)
  3711 | D:5      | Identified the +6 spear "Murmur" {distort, Str+5 Int-5}
  4088 | D:5      | Reached skill level 8 in Maces & Flails
  4895 | D:6      | Found a sand-covered staircase.
  4900 | Ossuary  | Entered an ossuary
  4954 | Ossuary  | Reached XP level 8. HP: 59/64 MP: 10/10
  5002 | Ossuary  | Reached skill level 9 in Maces & Flails
  5128 | Ossuary  | Noticed a silent spectre
  5711 | D:6      | Reached skill level 10 in Maces & Flails
  6242 | D:6      | Reached XP level 9. HP: 40/67 MP: 11/11
  6250 | D:6      | Reached skill level 11 in Maces & Flails
  7255 | D:7      | Found a staircase to the Ecumenical Temple.
  7262 | Temple   | Entered the Ecumenical Temple
  7457 | Temple   | Became a worshipper of Ashenzari the Shackled
  7768 | D:7      | Reached skill level 12 in Maces & Flails
  8230 | D:8      | Noticed Amaemon
  8230 | D:8      | Noticed an orange demon
  8243 | D:8      | Killed Amaemon
  8244 | D:8      | Reached skill level 13 in Maces & Flails
  8250 | D:8      | Killed an orange demon
  8251 | D:8      | Reached XP level 10. HP: 46/78 MP: 12/12
  8394 | D:8      | Noticed a two-headed ogre
  8411 | D:8      | Killed a two-headed ogre
  8695 | D:8      | Found Jokhlifoa's Firing Range.
  8791 | D:8      | Found a sacrificial altar of Ru.
  9071 | D:8      | Reached * piety under Ashenzari
  9782 | D:9      | Noticed Erica
  9802 | D:9      | Killed Erica
  9803 | D:9      | Reached skill level 5 in Translocations
  9909 | D:9      | Paralysed by a hornet for 1 turns
 10106 | D:9      | Noticed a gargoyle
 10119 | D:9      | Killed a gargoyle
 10230 | D:9      | Noticed a gargoyle
 10236 | D:9      | Killed a gargoyle
 10237 | D:9      | Reached skill level 5 in Armour
 10242 | D:9      | Noticed a gargoyle
 10250 | D:9      | Killed a gargoyle
 10259 | D:9      | Noticed a gargoyle
 10264 | D:9      | Killed a gargoyle
 10292 | D:9      | Noticed a gargoyle
 10295 | D:9      | Killed a gargoyle
 10296 | D:9      | Reached XP level 11. HP: 72/90 MP: 14/14
 10568 | D:10     | Entered Level 10 of the Dungeon
 10583 | D:10     | Reached ** piety under Ashenzari
 10627 | D:10     | Found a staircase to the Lair.
 10720 | D:10     | Found a staircase to the Orcish Mines.
 10837 | D:10     | Identified the cursed +0 helmet "Elysian Unpleasantness"
                  | {Elem, Fort} (You found it on level 6 of the Dungeon)
 10837 | D:10     | Identified the cursed +3 ring mail "Restrained Gnosis"
                  | {Will+, Melee, Range} (You took it off Ijyb on level 3 of
                  | the Dungeon)
 11315 | D:10     | Found an iron altar of Okawaru.
 11335 | D:10     | Reached skill level 5 in Fighting
 11503 | D:10     | Found a white marble altar of Elyvilon.
 12120 | D:5      | Killed Yehuk's ghost
 12745 | D:11     | Noticed a white ugly thing
 12754 | D:11     | Slain by a white ugly thing

Illustrated notes

Levels and vault maps discovered:
D:1:      lightli_arrival_flooded_house, layout_basic
D:2:      layout_basic, hellmonk_ecumenical_altar_pennies_from_heaven,
          serial_shops, shop
D:3:      layout_basic, lemuel_flame_loot_1, uniq_natasha, uniq_ijyb
D:4:      layout_basic, kennysheep_mini
D:5:      layout_cave_pools, biasface_ghost_orc_armoury,
          kennysheep_cross_bottleneck
D:6:      layout_loops_corners, nicolae_ossuary_entry_false_entrances
D:7:      layout_basic, minmay_temple_entry_tees
D:8:      layout_loops_ring, nicolae_ru_sacrificial_ziggurat,
          hangedman_abyss_or_decor_jellyfish_corner, nicolae_shop_firing_range,
          uniq_amaemon
D:9:      cheibrodos_statue_roulette, layout_basic, uniq_erica
D:10:     layout_roguey, okawaru_metal_pillars_1_2, elyvilon_altar_5,
          erik_lair_island, zombieorc2_lemuel
D:11:     layout_layer_cave, gammafunk_ghost_arena
Temple:   nicolae_temple_bog_church

Skill      XL: |  1  2  3  4  5  6  7  8  9 10 11 |
---------------+----------------------------------+-----
Maces & Flails | 2 3 4 5 7 8 10 13 | 13.6
Translocations | 6 7 |  7.0
Fighting       | 3 5 |  5.6
Armour         | 5 7 |  7.0
Throwing       | |  0.8
Dodging        | |  1.3
Spellcasting   | |  1.7

Action                   |  1- 3 |  4- 6 |  7- 9 | 10-12 || total
-------------------------+-------+-------+-------+-------++-------
Melee: Mace              |    98 |    80 |       |       ||   178
       Tailslap          |    11 |     7 |    54 |    35 ||   107
       Punch             |     1 |       |     4 |     1 ||     6
       Flail             |       |       |   266 |       ||   266
       Dire flail        |       |       |   140 |   234 ||   374
       Demon whip        |       |       |       |   169 ||   169
Throw: Dart              |       |    20 |    15 |    21 ||    56
       Boomerang         |       |     2 |       |     3 ||     5
       Throwing net      |       |       |       |     1 ||     1
 Cast: Blink             |       |     5 |       |     2 ||     7
       Vhi's Electric Ch |       |       |       |     9 ||     9
Invok: Curse Item        |       |       |     1 |     3 ||     4
Evoke: Wand              |     4 |     5 |     5 |     2 ||    16
  Use: Potion            |     2 |       |     6 |     5 ||    13
       Scroll            |       |       |    12 |     3 ||    15
Armor: Leather armour    |    25 |     1 |       |       ||    26
       Skin              |       |    18 |       |   184 ||   202
       Ring mail         |       |    20 |   185 |    98 ||   303
Dodge: Dodged            |    49 |    22 |   141 |   100 ||   312

Table legend: (Time is in decaauts)
 A = Elapsed time spent in this place.
 B = Non-inter-level travel time spent in this place.
 C = Inter-level travel time spent in this place.
 D = Time resting spent in this place.
 E = Time spent auto-exploring this place.
 F = Levels seen in this place.
 G = Mean time per level.
                   A        B        C        D        E       F      G
               +--------+--------+--------+--------+--------+-----+--------+
         Total |  12562 |  11933 |    629 |   2705 |   6960 |  13 |  966.3 |
       Dungeon |  12070 |  11459 |    611 |   2705 |   6714 |  11 | 1097.3 |
        Temple |    214 |    196 |     18 |      0 |    136 |   1 |  214.0 |
       Ossuary |    276 |    276 |      0 |      0 |    110 |   1 |  276.0 |
               +--------+--------+--------+--------+--------+-----+--------+

Top non-repeatable levels by time:
     D:6: 1676 daAuts
     D:5: 1400 daAuts
     D:9: 1314 daAuts
    D:10: 1226 daAuts
     D:7: 1223 daAuts
     D:3: 1163 daAuts
     D:8: 1151 daAuts
     D:2: 1001 daAuts
     D:1: 913 daAuts
     D:4: 583 daAuts
    D:11: 417 daAuts
 Ossuary: 276 daAuts
  Temple: 214 daAuts
